 Dungeon Crawl Stone Soup version 0.31-a0-237-g2d982f9f85 (webtiles) character file.

Game seed: 4414288107750850639

38 qw the Shooter (level 3, -6/29 HPs)
             Began as a Minotaur Hexslinger on July 11, 2023.
             Mangled by an ogre
             ... wielding a +0 giant spiked club
              (23 damage)
             ... on level 2 of the Dungeon.
             The game lasted 00:00:25 (1127 turns).

qw the Shooter (Minotaur Hexslinger)                Turns: 1127, Time: 00:00:26

Health: -6/29      AC:  3    Str: 12    XL:     3   Next: 25%
Magic:  3/3        EV: 12    Int: 10    God:
Gold:   13         SH:  0    Dex: 14    Spells: 3/4 levels left

rFire   . . .        Y - +1 sling
rCold   . . .        (no shield)
rNeg    . . .        i - +0 leather armour
rPois   .            (helmet restricted)
rElec   .            (no cloak)
rCorr   .            (no gloves)
SInv    .            (no boots)
Will    .....        (no amulet)
Stlth   +            (no ring)
HPRegen 0.24/turn    (no ring)
MPRegen 0.08/turn

%: no passive effects
@: no status effects
A: horns 2, retaliatory headbutt
a: no special abilities


You were on level 2 of the Dungeon.
You visited 1 branch of the dungeon, and saw 2 of its levels.

You collected 80 gold pieces.
You spent 67 gold pieces at shops.


Innate Abilities, Weirdness & Mutations

You have a pair of horns on your head.
You reflexively headbutt those who attack you in melee.


   Skills:
 - Level 2.0 Fighting
 + Level 3.8 Ranged Weapons
 - Level 2.1 Dodging
 - Level 1.0 Spellcasting
 - Level 2.0 Hexes


You had 3 spell levels left.
You knew the following spells:

 Your Spells              Type           Power      Damage    Failure   Level
a - Slow                  Hex            16%        N/A       19%         1

Your spell library contained the following spells:

 Spells                   Type           Power      Damage    Failure   Level
 Inner Flame              Hex/Fire       2%         N/A       65%         3
 Portal Projectile        Hex/Tloc       4%         N/A       65%         3
 Cause Fear               Hex            2%         N/A       88%         4

Inventory:

Hand Weapons
 Y - a +1 sling (weapon)
Armour
 c - a +0 ring mail
 g - a scarf of repulsion
 i - a +0 leather armour (worn)
Scrolls
 a - 3 scrolls of identify
 h - a scroll of blinking {unknown}
 j - a scroll of enchant weapon {unknown}
Potions
 b - 3 potions of haste {unknown}
 d - a potion of enlightenment {unknown}
 e - a potion of curing
 f - a potion of lignification {unknown}
 k - a potion of resistance {unknown}

Dungeon Overview and Level Annotations

Branches:
Dungeon (2/15)

Altars:

Shops:
D:2 *


Message History

Enter note:
Enter note:
Enter note: A hobgoblin comes into view.
The hobgoblin shouts!
You hear a shout!
Enter note:
Enter note:
Enter note:
Enter note:
Enter note:
Enter note:
Enter note:
Enter note:
Enter note: You shoot a sling bullet.
The sling bullet hits the hobgoblin.
The hobgoblin is moderately wounded.
The hobgoblin misses you. You furiously retaliate!
You headbutt the hobgoblin!
You kill the hobgoblin!
An ogre comes into view. It is wielding a +0 giant spiked club.
Enter note:
Enter note:
Enter note:
Enter note:
Enter note:
Enter note:
Enter note:
Enter note:
Enter note: You shoot a sling bullet.
The sling bullet hits the ogre.
The ogre is lightly wounded.
You shoot a sling bullet. The sling bullet hits the ogre.
The ogre is moderately wounded.
You shoot a sling bullet.
The sling bullet closely misses the ogre.
The ogre hits you with a +0 giant spiked club!
You shoot a sling bullet. The sling bullet hits the ogre.
The ogre is moderately wounded.
The ogre hits you with a +0 giant spiked club!!
Ouch! That really hurt!
You die...

#...##............
#...######........
#)..# #..#.....
#...### ##.###.#.
#.....#####.##....
#...#.............
#...#######.......
#####.######
###....
#....@.....# #....
.......O.....#
#....
.##..........#
#....
.........#####
##.... ########..
...... ..# ......
... ##..#. .##.
#...#. ......


You could see an ogre.

Vanquished Creatures
  2 dart slugs (D:1)
  8 bats
  3 endoplasms (D:1)
  3 goblins
  5 hobgoblins
  3 jackals (D:1)
  3 kobolds (D:1)
  A quokka (D:1)
  A frilled lizard (D:1)
  A rat (D:1)
30 creatures vanquished.

Notes
Turn   | Place    | Note
-------+----------+-------------------------------------------
     0 | D:1      | qw the Minotaur Hexslinger began the quest for the Orb.
     0 | D:1      | Reached XP level 1. HP: 16/16 MP: 1/1
     0 | D:1      | 0 ||| qw: Version: 0.3-a-52-g30416fa
     0 | D:1      | 0 ||| qw: Game counter: 5625
     0 | D:1      | 0 ||| qw: Melee chars always use a shield: true
     0 | D:1      | 0 ||| qw: God list: Okawaru
     0 | D:1      | 0 ||| qw: Allow faded altars: false
     0 | D:1      | 0 ||| qw: Do Orc after clearing Dungeon:15 true
     0 | D:1      | 0 ||| qw: Do second Lair branch before Depths: true
     0 | D:1      | 0 ||| qw: Lair rune preference: random
     0 | D:1      | 0 ||| qw: Goals: Normal
     0 | D:1      | 0 ||| PLANNING D:1-11
    53 | D:1      | Reached skill level 3 in Ranged Weapons
    58 | D:1      | 58 ||| FLEEEEING.
    59 | D:1      | 59 ||| FLEEEEING.
    60 | D:1      | 60 ||| FLEEEEING.
    61 | D:1      | 61 ||| FLEEEEING.
    62 | D:1      | 62 ||| FLEEEEING.
    63 | D:1      | 63 ||| FLEEEEING.
    82 | D:1      | Reached XP level 2. HP: 23/23 MP: 2/2
   523 | D:1      | Reached XP level 3. HP: 24/29 MP: 3/3
   848 | D:1      | 848 ||| UPGRADING to +0 leather armour.
   858 | D:1      | 858 ||| DROPPING +0 robe.
   859 | D:1      | 859 ||| DROPPING +6 ring of intelligence.
   860 | D:1      | 860 ||| READING 3 scrolls labelled KESEYH JUDOKH.
   861 | D:1      | 861 ||| READING scroll labelled EBBY PEYFU LAT.
   865 | D:1      | 865 ||| READING scroll labelled CAMIRAD VYRGHAH.
   866 | D:1      | 866 ||| READING 2 scrolls of identify.
   866 | D:1      | 866 ||| IDENTIFYING glowing silvery potion
   867 | D:1      | 867 ||| DROPPING scroll of poison.
   923 | D:2      | Found Datacah's Assorted Antiques.
   944 | D:2      | 944 ||| BUYING 2 smoky white potions (45 gold).
   944 | D:2      | Bought 2 smoky white potions for 45 gold pieces
   944 | D:2      | 944 ||| SHOPLISTING potion of curing (75 gold, have 35).
   944 | D:2      | 944 ||| BUYING purple potion (22 gold).
   944 | D:2      | Bought a purple potion for 22 gold pieces
   944 | D:2      | 944 ||| SHOPLISTING scroll labelled KISKYI EDGHIMIA (25
                  | gold, have 13).
   944 | D:2      | 944 ||| SHOPLISTING scroll labelled UTHREN SYONAE (25 gold,
                  | have 13).
   944 | D:2      | 944 ||| SHOPLISTING scroll of identify (50 gold, have 13).
  1123 | D:2      | Noticed an ogre
  1127 | D:2      | Mangled by an ogre

Levels and vault maps discovered:
D:1:      minmay_arrival_four_houses, layout_basic, hex_tiny
D:2:      layout_rooms, serial_shops, shop, shapermc_ecumenical_altar_acropolis

Skill      XL: |  1  2 |
---------------+-------+-----
Ranged Weapons | 3 |  3.8
Fighting       | 2 |  2.0
Dodging        | |  2.1
Spellcasting   | |  1.0
Hexes          | |  2.0

Action                     || total
---------------------------++-------
   Fire: Sling             ||    83
    Use: Scroll            ||     4
 Armour: Robe              ||    10
  Dodge: Dodged            ||    34

Table legend:
 A = Non-vault XP
 B = Vault XP
 C = Vault XP percentage of total XP
 D = Non-vault monster count
 E = Vault monster count
 F = Vault count percentage of total count
                 A         B        C        D         E       F
            +---------+---------+-------+---------+---------+-------
      Total |      55 |       0 |   0.0 |      30 |       0 |   0.0
            +---------+---------+-------+---------+---------+-------
        D:1 |      46 |       0 |   0.0 |      25 |       0 |   0.0
        D:2 |       9 |       0 |   0.0 |       5 |       0 |   0.0
            +---------+---------+-------+---------+---------+-------
